 Dungeon Crawl Stone Soup version 0.19.0-16-g73b5abf (webtiles) character file.

784 KarmaPolice the Shooter (level 8, -1/54 HPs)
             Began as a Halfling Hunter on Nov 10, 2016.
             Slain by a gnoll
             ... wielding a +0 spear
              (4 damage)
             ... on level 3 of the Dungeon.
             The game lasted 00:12:54 (6454 turns).

KarmaPolice the Shooter (Halfling Hunter)           Turns: 6454, Time: 00:12:54

Health: -1/54      AC:  3    Str: 13    XL:     8   Next: 11%
Magic:  10/10      EV: 14    Int:  9    God:
Gold:   202        SH:  0    Dex: 17    Spells: 0 memorised, 7 levels left

rFire  . . .     SeeInvis .     w - +1 whip (drain)
rCold  . . .     Gourm    .     c - +0 leather armour
rNeg   . . .     Faith    .     (shield restricted)
rPois  .         Spirit   .     (no helmet)
rElec  .         Reflect  .     (no cloak)
rCorr  .         Harm     .     (no gloves)
MR     .....                    (no boots)
Stlth  ++........               (no amulet)
                                (no ring)
                                (no ring)

@: drained
A: mutation resistance 1
a: no special abilities


You were on level 3 of the Dungeon.
You were not hungry.

You visited 1 branch of the dungeon, and saw 3 of its levels.

You collected 202 gold pieces.

Inventory:

Hand Weapons
 a - a +1 shortbow
 k - a +1 dagger of venom
 w - a +1 whip of draining (weapon)
Missiles
 d - 18 arrows
Armour
 c - a +0 leather armour (worn)
Jewellery
 i - a +2 ring of dexterity {unknown}
 t - an uncursed ring of see invisible {unknown}
Wands
 b - a wand of paralysis (9/24)
 v - a wand of iceblast (3/15)
Scrolls
 e - 2 scrolls of amnesia {unknown}
 h - a scroll of immolation {unknown}
 j - a scroll of noise {unknown}
 l - a scroll of blinking {unknown}
 m - a scroll of random uselessness {unknown}
 o - a scroll of teleportation {unknown}
 r - 3 scrolls of identify {unknown}
 u - a scroll of remove curse {unknown}
Potions
 g - a potion of lignification
 n - a potion of cancellation {unknown}
 p - 3 potions of curing {unknown}
Comestibles
 f - a bread ration
 q - 2 meat rations
 s - 5 chunks of flesh


   Skills:
 + Level 4.3(4.2) Fighting
 + Level 5.2(5.1) Short Blades
   Level 1.0(0.9) Staves
 + Level 6.3(6.1) Bows
 - Level 2.1(2.0) Dodging
 - Level 1.1(1.0) Stealth
 + Level 3.1(2.9) Evocations


You had 7 spell levels left.
You didn't know any spells.

Dungeon Overview and Level Annotations

Branches:
Dungeon (3/15)

Altars:
Yredelemnul
The Shining One

Annotations:
D:3 Natasha


Innate Abilities, Weirdness & Mutations

You are small and have problems with some larger weapons.
You are somewhat resistant to further mutation.


Message History

The gnoll misses you.
The gnoll shaman mumbles some strange prayers to its god.
The gnoll shaman is healed somewhat.
Things that are here:
a flail; a robe Natasha howls an incantation.
Natasha glows brightly for a moment.
A gnoll shaman comes into view. It is wielding a whip.
There is an open door here.
The gnoll hits you but does no damage.
The gnoll hits you from afar with a spear.
* * * LOW HITPOINT WARNING * * *
The gnoll seems less drained.
A gnoll sergeant comes into view. It is wielding a trident.
The gnoll closely misses you.
The gnoll hits you from afar with a spear!
* * * LOW HITPOINT WARNING * * *
The gnoll closely misses you.
The gnoll hits you from afar with a spear.
You die...

#.####.#########)# #.............
#.............)..###########.....
..)............)........h.......P
≈≈≈≈≈≈≈≈≈≈≈....≈≈≈≈≈≈≈≈≈≈≈≈≈≈≈≈≈≈
≈≈≈≈≈≈≈≈≈≈≈....≈≈≈≈≈≈≈≈≈≈≈≈g≈≈≈≈≈
≈≈≈≈≈≈≈≈≈≈≈....≈≈≈≈≈≈≈≈≈≈≈≈#####≈
...........................#...#≈
###########''''#############...#≈
.....g.#....#@.g....# #'###≈
.......#g...#.......# .#.≈≈
.r.....'....'..g....# .#.≈≈
'##################'#####.#.≈≈
.#.......#.....#.≈≈
.........#.g...#.≈≈
.......g)#''##.#.≈≈
.#...........#.#.≈≈
########....#.#.≈≈


You could see a gnoll shaman and a gnoll.

Vanquished Creatures
  A phantom (D:3)
  3 gnoll shamans
  An orc priest (D:3)
  Ijyb (D:2)
  Natasha (twice) (D:3)
  32 gnolls
  10 adders
  3 worms (D:3)
  A dart slug (D:2)
  3 leopard geckos
  5 orcs (D:3)
  7 bats
  2 giant cockroaches (D:2)
  10 goblins
  5 hobgoblins
  16 jackals
  3 quokkas
  3 frilled lizards
  7 kobolds
  10 rats
125 creatures vanquished.

Notes
Turn   | Place    | Note
-------+----------+-------------------------------------------
     0 | D:1      | KarmaPolice the Halfling Hunter began the quest for the Orb.
     0 | D:1      | Reached XP level 1. HP: 14/14 MP: 1/1
   191 | D:1      | Reached skill level 1 in Short Blades
   277 | D:1      | Reached XP level 2. HP: 17/19 MP: 2/2
   685 | D:2      | Reached XP level 3. HP: 17/24 MP: 1/3
   945 | D:2      | Noticed Ijyb
   954 | D:2      | Paralysed by Ijyb for 4 turns
   966 | D:2      | Paralysed by Ijyb for 7 turns
   974 | D:2      | Killed Ijyb
   974 | D:2      | Reached skill level 1 in Staves
   974 | D:2      | Reached XP level 4. HP: 7/30 MP: 1/4
  1397 | D:2      | Reached skill level 5 in Bows
  1781 | D:2      | Reached XP level 5. HP: 32/36 MP: 5/5
  2928 | D:3      | Found a glowing golden altar of the Shining One.
  2928 | D:3      | Found a basalt altar of Yredelemnul.
  2937 | D:3      | Noticed an angel
  2950 | D:3      | Reached XP level 6. HP: 28/42 MP: 6/6
  2977 | D:3      | Noticed Natasha
  2982 | D:3      | Killed Natasha
  2982 | D:3      | Reached skill level 1 in Evocations
  3074 | D:3      | Noticed a phantom
  3095 | D:3      | Killed a phantom
  3118 | D:3      | Noticed Natasha
  3137 | D:3      | Killed Natasha
  3395 | D:3      | Reached XP level 7. HP: 46/46 MP: 8/8
  4572 | D:3      | HP: 2/47 [jackal (2)]
  5041 | D:3      | Noticed Natasha
  5696 | D:3      | Reached skill level 6 in Bows
  5965 | D:2      | Reached skill level 5 in Short Blades
  6185 | D:3      | Reached XP level 8. HP: 38/54 MP: 10/10
  6453 | D:3      | HP: 2/54 [gnoll/spear (7)]
  6454 | D:3      | Slain by a gnoll

Skill      XL: |  1  2  3  4  5  6  7 |
---------------+----------------------+-----
Short Blades   | 1 2 3 5 |  5.2
Fighting       | 2 3 4 |  4.3
Staves         | 1 |  1.0
Bows           | 5 6 |  6.3
Evocations     | 2 3 |  3.1
Dodging        | |  2.1
Stealth        | |  1.1

Action                   |  1- 3 |  4- 6 |  7- 9 || total
-------------------------+-------+-------+-------++-------
Melee: Short sword       |    27 |       |       ||    27
       Lajatang          |    41 |     4 |       ||    45
       Dagger            |       |   125 |   241 ||   366
       Whip              |       |       |    13 ||    13
 Fire: Shortbow          |    11 |    55 |     7 ||    73
  Use: Potion            |       |       |     1 ||     1
 Stab: Sleeping          |     2 |     2 |       ||     4
       Distracted        |       |       |     1 ||     1
  Eat: Chunk             |       |     7 |    11 ||    18
Armor: Leather armour    |     8 |    21 |    33 ||    62
Dodge: Dodged            |    64 |   100 |   194 ||   358
